AoeStats
← KootH.

African Clearing

506775161Analyzed
4v4 RM · 17d ago on Sep 15, 2026· 41m 45s· 8 players
Game mode
Random Map
Map size
Large (8 player)
Population
200
Speed
Normal
Resources
Standard
Victory
Conquest
Starting age
Dark Age
Ending age
Imperial Age
RankedLock teamsTeams togetherTeam positionsShared explorationLock speedFull tech treeHidden civsTurbo modeCheats
Victory
Defeat
🇻🇳 Italians · Vietnam
1518
+14
🇭🇰 Berbers · Hong Kong SAR China
1516
+14
🇮🇳 Turks · India
1446
+17
🇮🇳 Mongols · India
1437
+16
🇧🇷 Maya · Brazil
1538
-19
🇧🇷 Hindustanis · Brazil
1449
-15
🇨🇴 Magyars · Colombia
1443
-14
🇦🇷 Gurjaras · Argentina
1420
-13
KootH.
3:44 Loom
12:37 Feudal Age
13:13 Double-Bit Axe
28:42 Castle Age
30:15 Horse Collar
34:39 Heavy Plow
35:58 Husbandry
40:45 Bloodlines
Xtreme | Rayden
5:30 Loom
12:24 Feudal Age
15:14 Forging
26:30 Castle Age
[TOX2] A-c-Syno-666
10:02 Loom
12:19 Feudal Age
19:36 Castle Age
17:47 Double-Bit Axe
18:13 Horse Collar
18:25 Gold Mining
20:53 Bow Saw
20:45 Heavy Plow
26:42 Wheelbarrow
27:15 Scale Barding Armor
27:21 Bloodlines
28:34 Chain Barding Armor
28:21 Husbandry
Tuco_Parmera
12:01 Loom
14:06 Feudal Age
15:51 Town Watch
18:33 Castle Age
16:59 Double-Bit Axe
19:50 Crossbowman
21:47 Fletching
24:39 Bodkin Arrow
25:23 Padded Archer Armor
27:33 Ballistics
28:22 Thumb Ring
31:47 Leather Archer Armor
34:09 Wheelbarrow
43:56 Imperial Age
Topspin
10:09 Loom
12:55 Feudal Age
13:39 Double-Bit Axe
16:38 Bloodlines
17:06 Scale Barding Armor
22:33 Castle Age
21:49 Fletching
22:35 Crossbowman
23:11 Bodkin Arrow
31:12 Horse Collar
42:33 Bow Saw
42:23 Heavy Plow
23
6:32 Loom
11:58 Feudal Age
13:10 Horse Collar
13:16 Double-Bit Axe
22:02 Castle Age
21:11 Bloodlines
21:10 Scale Barding Armor
21:19 Gold Mining
22:25 Forging
22:47 Husbandry
23:24 Bow Saw
23:20 Town Watch
24:41 Wheelbarrow
27:16 Chain Barding Armor
36:31 Imperial Age
36:22 Fletching
37:11 Iron Casting
37:59 Plate Barding Armor
37:51 Heavy Camel Rider
40:56 Iron Casting
41:34 Hand Cart
This is Kawaii
10:13 Loom
12:42 Feudal Age
17:59 Castle Age
16:09 Double-Bit Axe
22:14 Fletching
23:19 Bow Saw
23:22 Horse Collar
26:24 Bodkin Arrow
31:47 Ballistics
33:05 Wheelbarrow
33:08 Heavy Plow
37:31 Imperial Age
35:28 Padded Archer Armor
35:33 Scale Mail Armor
36:20 Hand Cart
37:33 Chain Mail Armor
37:30 Forging
37:18 Gold Mining
38:48 Plate Mail Armor
38:26 Bracer
39:56 Chemistry
39:23 Squires
39:09 Arson
40:26 Iron Casting
40:56 Bracer
41:44 Conscription
42:56 Blast Furnace
42:04 Thumb Ring
jardan1234
13:27 Feudal Age
11:48 Loom
13:34 Feudal Age
18:46 Castle Age
19:25 Double-Bit Axe
21:06 Horse Collar
22:53 Fletching
31:14 Bodkin Arrow
33:27 Padded Archer Armor
35:37 Bloodlines
35:27 Husbandry
36:43 Scale Mail Armor
37:00 Leather Archer Armor
36:56 Forging
36:53 Scale Barding Armor
39:00 Ballistics
40:16 Chain Barding Armor
40:34 Forging
Connection lost

Rejoining the realm…

Still unreachable

The connection could not be restored.

Session expired

The server has moved on; the page needs a fresh start.